[Event "Early-Titled-Tuesday-Blitz-June-18-2024"]
[Site "Chess.com"]
[Date "2024.06.18"]
[Round "2"]
[White "ningyzhou"]
[Black "tetrix83"]
[Result "0-1"]
[WhiteElo "2132"]
[BlackElo "2688"]
[TimeControl "180+1"]
[EndTime "8:18:42 PDT"]
[Termination "tetrix83 won by resignation"]

1. e4 c5 2. Nf3 d6 3. d4 cxd4 4. Nxd4 Nf6 5. Nc3 a6 6. Bg5 Nbd7 7. Bc4 Qb6 8. Qd2 Qxb2 9. O-O Qb4 10. Bb3 e6 11. a3 Qa5 12. Rfe1 Be7 13. f4 h6 14.
Bxf6 Bxf6 15. Kh1 O-O 16. Qd3 Nc5 17. Qe3 Nxb3 18. cxb3 Bd7 19. b4 Qb6 20. e5 dxe5 21.
fxe5 Bg5 22. Qf2 Rad8 23. Ne4 Ba4 24. Nc5 Bc6 25. Nxc6 Qxc6 26. Rad1 Be7 27. Rxd8 Rxd8 28. Ne4 Qd5 29. Ng3 Qd2 30. Qf1 Qd3 31. Qf2 Qxa3 32. Rf1 Rf8 33. h3 Qxb4 34. Nh5 Qh4 35. Qf3 Qg5 36. Qe2 b5 37. Nf4 b4 38. Qxa6 Qxe5 39. Nd3 Qd5 40. Nf4 Qd6 41. Qc4 Rb8 42. Nh5 b3 43. Qg4 g6 44. Nf4 b2 45. Nxg6 Bg5 46.
h4 b1=Q 0-1

[Event "Early-Titled-Tuesday-Blitz-June-18-2024"]
[Site "Chess.com"]
[Date "2024.06.18"]
[Round "2"]
[White "sammartin99"]
[Black "SHIVACalypso"]
[Result "1-0"]
[WhiteElo "2348"]
[BlackElo "2523"]
[TimeControl "180+1"]
[EndTime "8:18:43 PDT"]
[Termination "sammartin99 won by checkmate"]

1. d4 Nf6 2. c4 c5 3. d5 e6 4. Nc3 exd5 5. cxd5 d6 6. Nf3 g6 7. Nd2 Bg7 8. e4 Kf8 9. Be2 a6 10. a4 b6 11. O-O Nbd7 12. f4 Bh6 13. Nc4 Qc7 14.
e5 dxe5 15. fxe5 Bxc1 16. Qxc1 Nxe5 17. Qh6+ Kg8 18. Rxf6 Nxc4 19. Bxc4 Qe5 20. Raf1 Bf5 21. R6xf5 gxf5 22. Qg5+ Kf8 23. Qxf5 Qxf5 24. Rxf5 Ke7 25.
Ne4 Rhf8 26. d6+ Kd7 27. Kf2 Rad8 28. Bxa6 Ke6 29. g4 f6 30. Bc4+ Kd7 31. Kf3 Ra8 32. Kf4 Rad8 33. Bb5+ Ke6 34. d7 Ke7 35. h4 h6 36. Rh5 Rh8 37. Ng3 Kf7 38. Nf5 Kg6 39. b3 Rh7 40. Ke4 Rhh8 41. Kd5 Rdg8 42. Kd6 Rh7 43.
Ne7+ Kf7 44. Nxg8 Kxg8 45. d8=Q+ Kg7 46. Qe7+ Kg6 47. Be8+ Rf7 48. Qxf7# 1-0

[Event "Early-Titled-Tuesday-Blitz-June-18-2024"]
[Site "Chess.com"]
[Date "2024.06.18"]
[Round "2"]
[White "LaPiToB"]
[Black "FollowRivers"]
[Result "1-0"]
[WhiteElo "2317"]
[BlackElo "2497"]
[TimeControl "180+1"]
[EndTime "8:18:43 PDT"]
[Termination "LaPiToB won on time"]

1. c4 Nf6 2. Nc3 g6 3. g3 Bg7 4. Bg2 O-O 5. e4 d6 6. Nge2 c5 7. O-O Nc6 8. h3 a6 9. a4 Rb8 10.
d3 Nd4 11. Nxd4 cxd4 12. Nd5 e6 13. Nb4 Nd7 14. Nc2 a5 15. f4 Nc5 16. b4 axb4 17.
Nxb4 Bd7 18. a5 Ra8 19. Bb2 Rxa5 20. Nc2 Rxa1 21. Qxa1 e5 22. fxe5 dxe5 23. Ba3 b6 24.
Rb1 Qc7 25. Ne1 Ra8 26. Qb2 Na4 27. Qb3 Nc3 28. Rb2 Qa7 29. Bb4 Qa1 30. Bxc3 dxc3 31. Qxc3 Ra3 32. Qd2 Bf8 33. Kh2 Bc5 34. Nf3 Kg7 35.
h4 Bg4 36. h5 Bxh5 37. d4 Bxf3 38. dxc5 Bxg2 39. Kxg2 bxc5 40. Qf2 Qd1 41. Rb7 Kh6 42. Rxf7 Qg4 43. Re7 Qxe4+ 44. Kh2 1-0

[Event "Early-Titled-Tuesday-Blitz-June-18-2024"]
[Site "Chess.com"]
[Date "2024.06.18"]
[Round "2"]
[White "Brown_Bear_MGL"]
[Black "lucena125"]
[Result "1-0"]
[WhiteElo "2502"]
[BlackElo "2249"]
[TimeControl "180+1"]
[EndTime "8:18:43 PDT"]
[Termination "Brown_Bear_MGL won by resignation"]

1. b3 e5 2. Bb2 Nc6 3. c4 g6 4. e3 Bg7 5. Nf3 Nge7 6. Be2 O-O 7. d4 exd4 8. Nxd4 d5 9. Nxc6 bxc6 10. Bxg7 Kxg7 11. Nc3 Be6 12. cxd5 cxd5 13. Na4 c6 14. O-O Ng8 15. Rc1 Qd6 16. Qd4+ f6 17. Rc3 Ne7 18. Bd3 Rfc8 19. Rfc1 Qe5 20. Nc5 Kf7 21. Qh4 Kg7 22. Qa4 Bf5 23. Ba6 Rc7 24. Qb4 Bc8 25. Bd3 Bf5 26. Be2 Rcc8 27. Ba6 Rcb8 28. Qa4 Rb6 29.
f4 Qd6 30. Kf2 Bd7 31. Bd3 Nf5 32. Bxf5 Bxf5 33. Qd4 Re8 34. Na4 Rbb8 35. Rxc6 Qd7 36. Rc7 Re7 37. Rxd7 Rxd7 38. Rc5 Rbd8 39. Nc3 Be4 40.
Nxe4 dxe4 41. Qxe4 Rd2+ 42. Kg3 h5 43. h4 Kh6 44.
Rc6 R2d6 45. Rxd6 Rxd6 46. Qe7 Ra6 47. Qf8+ Kh7 48. Qf7+ Kh6 49. b4 Ra4 50. Qxf6 Rxb4 51. Qf8+ Kh7 52. Qxb4 1-0

[Event "Early-Titled-Tuesday-Blitz-June-18-2024"]
[Site "Chess.com"]
[Date "2024.06.18"]
[Round "2"]
[White "Qvalda"]
[Black "JAN2404"]
[Result "1-0"]
[WhiteElo "2452"]
[BlackElo "2023"]
[TimeControl "180+1"]
[EndTime "8:18:43 PDT"]
[Termination "Qvalda won by resignation"]

1. d4 Nf6 2. c4 g6 3. Nf3 Bg7 4. e3 O-O 5. Be2 d6 6. Nc3 c6 7.
b4 Bf5 8. Qb3 Nbd7 9. Bb2 a5 10.
b5 Ne4 11. a4 c5 12. Nxe4 Bxe4 13. Nd2 Bxg2 14. Rg1 Bh3 15. Rg3 Bf5 16. e4 cxd4 17.
exf5 Nc5 18. Qf3 Qe8 19. Ne4 Rc8 20. Nxc5 Rxc5 21. Bd3 e5 22. fxe6 fxe6 23. Qxb7 e5 24. Kf1 Qe6 25. Qg2 Qf7 26. Kg1 Bh6 27. Re1 Bf4 28.
Rg4 Bd2 29. Re2 Bc3 30. Bc1 d5 31. cxd5 Bb4 32. Bh6 Rfc8 33. h4 Rc2 34. Bxc2 Rc3 35. Rg3 d3 36. Rxd3 Rxc2 37. Rxc2 Qf5 38. Qf3 e4 39.
Qxf5 gxf5 40. Rg3+ Kf7 41. Rc6 Bc3 42. Be3 Be5 43.
Rg5 f4 44. Rxe5 fxe3 45. fxe3 1-0

[Event "Early-Titled-Tuesday-Blitz-June-18-2024"]
[Site "Chess.com"]
[Date "2024.06.18"]
[Round "2"]
[White "FairChess_on_YouTube"]
[Black "Korona_91"]
[Result "1-0"]
[WhiteElo "3123"]
[BlackElo "2675"]
[TimeControl "180+1"]
[EndTime "8:18:44 PDT"]
[Termination "FairChess_on_YouTube won by resignation"]

1. d4 Nf6 2. c4 e6 3. Nf3 d5 4. Bg5 Be7 5. e3 h6 6. Bxf6 Bxf6 7. Qc2 Nc6 8. Nc3 O-O 9. O-O-O a5 10. h4 Nb4 11.
Qb1 c5 12. g4 cxd4 13. exd4 e5 14. dxe5 Bxg4 15. Nxd5 Nxd5 16. Rxd5 Qb6 17. Qe4 Bxf3 18.
Qxf3 Be7 19. Bd3 Rfd8 20. Qe4 Qg6 21. Qxg6 fxg6 22. Bxg6 Rac8 23. Rxd8+ Bxd8 24. b3 Bb6 25. Rd1 Rd8 26. Rxd8+ Bxd8 27. h5 Kf8 28. Kd2 Bg5+ 29. Kd3 Ke7 30. Ke4 Bd2 31. f4 Bc3 32. Kd5 Kd7 33.
c5 Kc7 34. f5 Kd7 35. e6+ Ke7 36. Kc4 Bb4 37. Kb5 Kd8 38. Kb6 Ke7 39. Kxb7 Bxc5 40.
Kc6 Bb4 41. Kb5 Kd6 42. a3 Bxa3 43. Kxa5 Ke7 44. b4 Kd6 45. b5 Kc7 46. Ka6 Bc5 47.
b6+ Kb8 48. Kb5 Bd6 49. Kc6 Ba3 50. Kd7 Kb7 51. e7 1-0

[Event "Early-Titled-Tuesday-Blitz-June-18-2024"]
[Site "Chess.com"]
[Date "2024.06.18"]
[Round "2"]
[White "OparinGrigoriy"]
[Black "Feegus"]
[Result "0-1"]
[WhiteElo "3056"]
[BlackElo "2684"]
[TimeControl "180+1"]
[EndTime "8:18:45 PDT"]
[Termination "Feegus won by checkmate"]

1. c4 e6 2. Nc3 d5 3. d4 h6 4. Nf3 Nf6 5. cxd5 exd5 6. Bf4 Bd6 7. Bg3 O-O 8. e3 Bxg3 9. hxg3 c6 10. Bd3 Qe7 11.
Qc2 Re8 12. O-O-O Nbd7 13. Rh4 b5 14. Kb1 a5 15. g4 Ne4 16. Rdh1 a4 17. a3 b4 18.
Nxa4 bxa3 19. b3 Ba6 20. Bxa6 Rxa6 21. Ka1 Rb8 22. g5 Rxa4 23. gxh6 g5 24. h7+ Kh8 25. Nxg5 Rab4 26. Nxe4 dxe4 27. Rxe4 Qf6 28. Ka2 c5 29.
Rf4 Qg7 30. Rb1 c4 31. Qc3 cxb3+ 32. Kxa3 b2 33. Qxb4 Rxb4 34. Kxb4 Qxh7 35. Rxb2 Qd3 36. Rxf7 Nb6 37. Kc5 Na4+ 38. Kd6 Nxb2 39. g4 Nc4+ 40.
Ke7 Qe4+ 41. Kf8 Nd6 42. Re7 Qf3+ 43. Rf7 Qxf7# 0-1

[Event "Early-Titled-Tuesday-Blitz-June-18-2024"]
[Site "Chess.com"]
[Date "2024.06.18"]
[Round "2"]
[White "elis06"]
[Black "Aryan_Tamadon"]
[Result "0-1"]
[WhiteElo "2355"]
[BlackElo "2677"]
[TimeControl "180+1"]
[EndTime "8:18:45 PDT"]
[Termination "Aryan_Tamadon won by checkmate"]

1. d4 b5 2. e4 Bb7 3. Bd3 a6 4. c3 Nf6 5. Qe2 e6 6. Nf3 Be7 7. Bg5 d6 8. Nbd2 h6 9. Bh4 g5 10. Bg3 Nbd7 11. O-O-O Nb6 12. Kb1 h5 13. Nxg5 h4 14. Bf4 Nh5 15. Nh3 Nxf4 16. Nxf4 Bg5 17. Nh3 Bh6 18. f4 Qe7 19. Nf3 O-O-O 20. g3 hxg3 21.
hxg3 Rdg8 22. Rhg1 c5 23. Nf2 c4 24. Bc2 d5 25. e5 b4 26. cxb4 Qxb4 27. a3 Qa5 28. Qd2 Qb5 29. Ka2 Bf8 30. f5 Be7 31. f6 Bf8 32. g4 Bc6 33. g5 Be8 34. Rh1 Na4 35. Bxa4 Qxa4 36. Rxh8 Rxh8 37. Rc1 Qb3+ 38. Ka1 Qxf3 39.
Nd3 Kb7 40. Nc5+ Bxc5 41. dxc5 Bb5 42. Qa5 Rc8 43. Qb6+ Ka8 44. a4 Qe3 45. Rc3 Qg1+ 46.
Ka2 Rb8 47. Qc7 Bxa4 48. Ra3 Bb3+ 49. Rxb3 cxb3+ 50. Ka3 Qa1# 0-1

[Event "Early-Titled-Tuesday-Blitz-June-18-2024"]
[Site "Chess.com"]
[Date "2024.06.18"]
[Round "2"]
[White "shirovin"]
[Black "dealshark"]
[Result "0-1"]
[WhiteElo "2083"]
[BlackElo "2457"]
[TimeControl "180+1"]
[EndTime "8:18:45 PDT"]
[Termination "dealshark won on time"]

1. e4 c5 2. Nf3 d6 3. d4 cxd4 4.
Nxd4 Nf6 5. Nc3 a6 6. Bg5 Nbd7 7.
f4 h6 8. Bh4 e6 9. Qf3 Be7 10.
O-O-O O-O 11. g4 Ne8 12. Bxe7 Qxe7 13. h4 Nc5 14. g5 Kh7 15. Be2 b5 16. a3 Bb7 17.
Rdg1 Rc8 18. gxh6 gxh6 19. Qg2 Qf6 20. Nf3 Qxf4+ 21. Kb1 Qf6 22. Ng5+ Kh8 23. Rf1 Qg7 24. Bh5 f6 25. Qf2 Nc7 26. Nf7+ Rxf7 27. Bxf7 Qxf7 28. Qe3 Kh7 29. Rhg1 e5 30. Ne2 N5e6 31. Ng3 Nf4 32. Nf5 Rg8 33. Rxg8 Qxg8 34. Rg1 Qf8 35.
Rg7+ Kh8 36. Qg3 Nce6 37. Rxb7 Qg8 38. Qe1 h5 39. Nh6 Qf8 40. Nf7+ Kg8 0-1

[Event "Early-Titled-Tuesday-Blitz-June-18-2024"]
[Site "Chess.com"]
[Date "2024.06.18"]
[Round "2"]
[White "MaxLeto"]
[Black "Masterisback04"]
[Result "1-0"]
[WhiteElo "2465"]
[BlackElo "2120"]
[TimeControl "180+1"]
[EndTime "8:18:46 PDT"]
[Termination "MaxLeto won on time"]

1. a3 Nf6 2. b3 g6 3. c3 Bg7 4.
d3 O-O 5. e3 e5 6. f3 d5 7. g3 c5 8. h3 Nfd7 9. Bg2 f5 10. Ne2 f4 11. exf4 exf4 12. Bxf4 Nc6 13. Qc2 Nde5 14. Bxe5 Nxe5 15. f4 Nc6 16. O-O Re8 17.
Re1 Bf5 18. g4 Be6 19. Nd2 Qh4 20. Nf3 Qd8 21. Qd2 Kh8 22. Ng3 Qd6 23. Rf1 Bg8 24. Rae1 Rf8 25. Ne2 Rae8 26. b4 b6 27. d4 a5 28. b5 Na7 29. a4 Rc8 30. Ne5 Rc7 31. Nc1 cxd4 32. cxd4 Qa3 33. Qa2 Qb4 34. Ne2 Rfc8 35.
Rc1 Rxc1 36. Rxc1 Rxc1+ 37. Nxc1 Qe1+ 38. Kh2 Qxc1 39. Bxd5 Qxf4+ 40. Kg2 Bxe5 41. dxe5 Qf8 42. e6 Qd6 43. Qb2+ 1-0

[Event "Early-Titled-Tuesday-Blitz-June-18-2024"]
[Site "Chess.com"]
[Date "2024.06.18"]
[Round "2"]
[White "wonderfultime"]
[Black "Boundless_Strike"]
[Result "1-0"]
[WhiteElo "3062"]
[BlackElo "2665"]
[TimeControl "180+1"]
[EndTime "8:18:47 PDT"]
[Termination "wonderfultime won on time"]

1. d4 e5 2. dxe5 d6 3. Bf4 Nc6 4. Nf3 Bg4 5. Nc3 Bxf3 6. exf3 dxe5 7. Be3 Bd6 8. Bc4 Nf6 9. O-O Qd7 10. Ne4 Nxe4 11.
fxe4 O-O-O 12. c3 f5 13. exf5 Qxf5 14. Qb3 Qh5 15. Be6+ Kb8 16. Bd5 e4 17. g3 Bxg3 18. fxg3 Rxd5 19. Rae1 Ne5 20. Qa4 b6 21. Qxe4 Ng4 22.
Qg2 Nxe3 23. Rxe3 Rhd8 24. Re2 a5 25. h3 Rd3 26. Kh2 g5 27. Rff2 g4 28. h4 Qc5 29.
Rf4 h5 30. Rfe4 Rd1 31. Re5 Qf8 32. Rf2 Qh8 33. Qe4 R1d2 34. Rg2 Rxg2+ 35. Kxg2 Qf8 36. Rf5 Qd6 37. Rf2 Qd7 38. Kh2 Re8 39. Qg6 Qb5 40. c4 Qd7 41. Qxh5 Ka7 42. Qg6 Re1 43. Qf5 Qd1 44. Qd5 Qc1 45. Qc6 1-0

[Event "Early-Titled-Tuesday-Blitz-June-18-2024"]
[Site "Chess.com"]
[Date "2024.06.18"]
[Round "2"]
[White "Nozdrachev_Leonid"]
[Black "sokidze"]
[Result "1/2-1/2"]
[WhiteElo "2568"]
[BlackElo "2783"]
[TimeControl "180+1"]
[EndTime "8:18:48 PDT"]
[Termination "Game drawn by repetition"]

1. d4 d5 2. c4 e6 3. Nc3 a6 4. cxd5 exd5 5. Bf4 Nf6 6. e3 Bd6 7. Bxd6 Qxd6 8. Bd3 O-O 9. Nge2 Nc6 10. h3 Bd7 11. O-O Nb4 12. Bb1 Bb5 13. a3 Bxe2 14. Nxe2 Nc6 15. Qd3 g6 16. Ba2 Rfe8 17. Nc3 Nd8 18.
Rfe1 Ne6 19. e4 Nf4 20. Qf3 dxe4 21. Nxe4 Nxe4 22. Rxe4 Rxe4 23. Qxe4 Qxd4 24. Qxb7 Rd8 25. Qxc7 Rd7 26. Qc8+ Kg7 27. Qc2 Rb7 28. Rb1 Re7 29.
Rd1 Qf6 30. Bc4 Rc7 31. Qe4 Re7 32. Qf3 Qe5 33. b3 a5 34. h4 h5 35. g3 Ne2+ 36. Bxe2 Qxe2 37. Qxe2 Rxe2 38. Rb1 Ra2 39. b4 Rxa3 40.
b5 Rc3 41. Kf1 a4 42. Ke2 a3 43. Kd2 a2 44. Ra1 Rb3 45. Rxa2 Rxb5 46. Ke2 Re5+ 47. Kf3 Rf5+ 48. Kg2 Re5 49. Rd2 Rf5 50. Rd3 Re5 51. Rf3 Re6 52. Rf4 Re7 53. Rf3 Re6 54. Rf4 Re7 55. Rf3 Re6 1/2-1/2

[Event "Early-Titled-Tuesday-Blitz-June-18-2024"]
[Site "Chess.com"]
[Date "2024.06.18"]
[Round "2"]
[White "NinoMaisuradze"]
[Black "Keeper0416"]
[Result "0-1"]
[WhiteElo "2355"]
[BlackElo "2546"]
[TimeControl "180+1"]
[EndTime "8:18:48 PDT"]
[Termination "Keeper0416 won by checkmate"]

1. d4 Nf6 2. Nf3 e6 3. Bf4 b6 4. Bc1 Ba6 5. e3 Bxf1 6. Kxf1 Qc8 7. Nbd2 Qb7 8. c4 c5 9. Qc2 Nc6 10. b3 Rc8 11. a3 d5 12. cxd5 Nxd5 13. dxc5 Bxc5 14.
Bb2 O-O 15. Rc1 Bxe3 16. Bxg7 Nd4 17. Qb2 Rxc1+ 18. Qxc1 Nxf3 19. fxe3 Nxd2+ 20. Qxd2 Kxg7 21. Qd4+ Nf6 22. Kf2 Qe4 23. Qc3 Rd8 24. Rf1 Rd3 25. Qc1 Ng4+ 26. Kg1 Qxe3+ 27. Qxe3 Rxe3 28. h3 Nf6 29. Rb1 Nd5 30. Kf2 Rd3 31. Rb2 e5 32. a4 a5 33. Re2 Kf6 34. Rb2 e4 35. Ke2 Ke5 36. h4 f5 37. h5 f4 38. h6 Kd4 39. Rc2 Nc3+ 40. Ke1 e3 41. Rc1 Ke4 42. Kf1 f3 43. gxf3+ Kxf3 44. Kg1 Ne2+ 45. Kh2 Nxc1 46. b4 Rd4 47. b5 Rh4+ 48. Kg1 Ne2+ 49. Kf1 Ng3+ 50. Kg1 Rh1# 0-1

[Event "Early-Titled-Tuesday-Blitz-June-18-2024"]
[Site "Chess.com"]
[Date "2024.06.18"]
[Round "2"]
[White "HanSchut"]
[Black "LangesNasenhaar"]
[Result "1/2-1/2"]
[WhiteElo "2264"]
[BlackElo "2493"]
[TimeControl "180+1"]
[EndTime "8:18:49 PDT"]
[Termination "Game drawn by repetition"]

1. e4 g6 2. d4 Bg7 3. Nc3 c6 4. f4 d5 5. e5 h5 6. Be3 Nh6 7. Nf3 Bg4 8. h3 Bxf3 9. Qxf3 Nf5 10. Bf2 h4 11. Bd3 e6 12. Nd1 Bf8 13. c3 Be7 14. Ne3 a5 15. O-O Na6 16. Kh2 b5 17. b3 Nc7 18.
Rfc1 a4 19. b4 Kd7 20. a3 Kc8 21. Qe2 Kb7 22. Rab1 Qd7 23. Rf1 Rac8 24. Rfe1 Na8 25. Rf1 Nb6 26. Rfe1 Bf8 27. Ng4 Bg7 28. Rf1 Qe7 29.
Qe1 Rh5 30. Be2 Rh7 31. Bd3 Rch8 32. Be3 Bh6 33. Bd2 Bg7 34. Rf2 Qd7 35. Be2 Nc4 36.
Bxc4 dxc4 37. Ne3 Nxe3 38. Bxe3 Qd5 39. Bd2 Rh5 40. Qe3 Rf5 41. Qf3 Bh6 42. Qxd5 cxd5 43. Rbf1 Kc7 44. Rf3 Kd7 45. R3f2 Ke7 46. Rf3 Rh7 47.
R3f2 Rh5 48. Kg1 g5 49. Rf3 gxf4 50. Bxf4 Bxf4 51. Rxf4 Rg5 52. R1f2 Rg3 53. R4f3 Rhg7 54. Rxg3 Rxg3 55. Rf3 Rxf3 56. gxf3 f5 57. f4 Kf7 58. Kf2 Kg6 59. Kf3 Kh5 60. Kf2 Kg6 61. Kf3 Kh5 62.
Kf2 Kg6 1/2-1/2

[Event "Early-Titled-Tuesday-Blitz-June-18-2024"]
[Site "Chess.com"]
[Date "2024.06.18"]
[Round "2"]
[White "GOGIEFF"]
[Black "Korchmar_Vasiliy"]
[Result "1-0"]
[WhiteElo "3017"]
[BlackElo "2654"]
[TimeControl "180+1"]
[EndTime "8:18:50 PDT"]
[Termination "GOGIEFF won on time"]

1. c4 c6 2. Nf3 d5 3. e3 Nf6 4.
Nc3 e6 5. b3 Bd6 6. Bb2 O-O 7. d4 Nbd7 8. Bd3 b6 9. O-O Bb7 10.
Rc1 Rc8 11. cxd5 exd5 12. Ne2 Qe7 13. Ng3 g6 14. Qe2 Rfe8 15. Ba6 Bxa6 16. Qxa6 Rc7 17. Rc2 h5 18. Rfc1 Ng4 19. Nf1 h4 20. h3 Nh6 21.
Ne5 Bxe5 22. dxe5 Nf5 23. Qa4 Nc5 24. Rxc5 bxc5 25. Nh2 d4 26. Ng4 Rb8 27. e4 Ng7 28.
Qc4 Ne6 29. Qe2 Qg5 30. Rf1 Kg7 31. Bc1 Qh5 32. f4 d3 33. Qxd3 Rd8 34. Qc3 Nd4 35. Re1 a5 36. Qxa5 Rcd7 37. Qxc5 Ne6 38. Qc2 Rd3 39.
Qf2 Rg3 40. f5 gxf5 41. exf5 Ng5 42. Kh2 Rdd3 43. Re3 Rdxe3 44. Bxe3 Ne4 45. Qb2 Qxf5 46. e6+ f6 47. e7 Nd6 48. Qd2 Qd5 49. Qxd5 cxd5 50.
Bf4 1-0

[Event "Early-Titled-Tuesday-Blitz-June-18-2024"]
[Site "Chess.com"]
[Date "2024.06.18"]
[Round "2"]
[White "SoCalJuniorChess"]
[Black "Kielinkei"]
[Result "0-1"]
[WhiteElo "2223"]
[BlackElo "2486"]
[TimeControl "180+1"]
[EndTime "8:18:50 PDT"]
[Termination "Kielinkei won on time"]

1. d4 Nf6 2. Nc3 d5 3. Bf4 c5 4. e4 Nxe4 5. Nxe4 dxe4 6. dxc5 Qa5+ 7. Qd2 Qxd2+ 8. Bxd2 e5 9. Be3 Nc6 10. f3 Bf5 11.
O-O-O Be7 12. g4 Bg6 13. h4 h5 14. g5 Rd8 15. Rxd8+ Kxd8 16. Bg2 exf3 17. Nxf3 Kc7 18.
Rd1 f5 19. Nxe5 Nxe5 20. Bf4 Bxc5 21. Bxe5+ Kc8 22. Bd5 Re8 23. Bxg7 f4 24. Rf1 Re2 25. Bb3 Be3+ 26. Kd1 Rd2+ 27. Ke1 Bxc2 28. Bxc2 Rxc2 29. Be5 Rc5 30. Bxf4 Rc1+ 31. Ke2 Rxf1 32. Bxe3 Rh1 33.
Bf2 Rb1 34. Bd4 Kd7 35. Kf3 Ke6 36. Kg3 Kf5 37. Bc3 a6 38. Kh3 Rd1 39. Kg3 Rd3+ 40.
Kf2 Kg4 41. Ke2 Rd6 42. Be1 Re6+ 43. Kd2 Kf3 44. b3 Re2+ 45. Kd1 Rxa2 46. Bd2 Ra1+ 47. Kc2 Rg1 48. Kc3 Kg4 49. Be3 Rg3 50. Kd4 Rg2 0-1

[Event "Early-Titled-Tuesday-Blitz-June-18-2024"]
[Site "Chess.com"]
[Date "2024.06.18"]
[Round "2"]
[White "ChessFanNM"]
[Black "LLariMarc"]
[Result "1-0"]
[WhiteElo "2317"]
[BlackElo "2502"]
[TimeControl "180+1"]
[EndTime "8:18:52 PDT"]
[Termination "ChessFanNM won by resignation"]

1. Nf3 f5 2. d3 Nf6 3. e4 fxe4 4. dxe4 Nxe4 5. Bd3 Nf6 6. Ng5 g6 7. Nxh7 Rxh7 8.
Bxg6+ Rf7 9. Bg5 Bg7 10. O-O Kf8 11. Re1 d6 12. Nc3 Bg4 13. Qd2 Bh5 14. Bxf7 Kxf7 15. Nd5 Nbd7 16. Rxe7+ Qxe7 17. Nxe7 Kxe7 18. Re1+ Kf7 19.
Qb4 Nb6 20. Qb3+ Kg6 21. Bxf6 Bxf6 22. Qd3+ Kg7 23. h3 Re8 24. Qg3+ Kh7 25. Rxe8 Bxe8 26. Qd3+ Bg6 27. Qf3 Bg7 28. Qxb7 c5 29. c3 Na4 30. Qb3 Nb6 31. a4 c4 32. Qb5 Nc8 33. Qxc4 Nb6 34.
Qb5 Nc8 35. a5 Ne7 36. a6 Be4 37. Qh5+ Kg8 38. Qe8+ Bf8 39. Qb8 Nc6 40. Qc7 Be7 41. Qd7 Kf7 42. f3 Bd5 43. Qf5+ Ke8 44. Qxd5 Kd7 45.
b4 Kc7 46. b5 Na5 47. Qe6 Bd8 48. Qf7+ Kb6 49. Qd7 Bc7 50. h4 Bb8 51. h5 Kc5 52. h6 Kc4 53. h7 Kxc3 54. h8=Q+ Kb4 55. Qxb8 1-0

[Event "Early-Titled-Tuesday-Blitz-June-18-2024"]
[Site "Chess.com"]
[Date "2024.06.18"]
[Round "2"]
[White "mangochessgo"]
[Black "amintabatabaei"]
[Result "0-1"]
[WhiteElo "2663"]
[BlackElo "3055"]
[TimeControl "180+1"]
[EndTime "8:18:53 PDT"]
[Termination "amintabatabaei won by resignation"]

1. d4 Nf6 2. Nf3 b6 3. Bf4 Bb7 4. e3 e6 5. h3 Bd6 6. Bxd6 cxd6 7. c4 O-O 8. Nc3 d5 9. Rc1 Qe7 10. a3 d6 11. cxd5 Nxd5 12. Bd3 h6 13. O-O Nf6 14.
e4 d5 15. e5 Ne4 16. Qe2 Nxc3 17. Rxc3 Nc6 18. Rfc1 Rfc8 19. Ba6 Qd7 20. Bb5 a6 21. Bd3 Na5 22. h4 Nc4 23. h5 a5 24. a4 Qe7 25. b3 Na3 26. Qd2 Kf8 27. Ne1 Ke8 28. Bf1 Kd8 29. Rg3 Rxc1 30. Qxc1 Rc8 31. Qb2 Qf8 32.
Rxg7 Qxg7 33. Qxa3 Rc7 34. Qd6+ Kc8 35. Qxb6 Qg4 36.
Nf3 Rc1 37. Qxa5 Qe4 38. Qd2 Qb1 39. Nh2 Ba6 40. Qxh6 Bxf1 41. Qf8+ Kb7 42. Qb4+ Bb5+ 43. Nf1 Rxf1+ 44. Kh2 Rh1+ 45. Kg3 Qd3+ 46. f3 Rxh5 47. Qe7+ Ka6 48. Qd6+ Ka5 49. Qc7+ Kb4 50. Qc5+ Kxb3 51.
axb5 Rg5+ 52. Kh2 Qd2 0-1

[Event "Early-Titled-Tuesday-Blitz-June-18-2024"]
[Site "Chess.com"]
[Date "2024.06.18"]
[Round "2"]
[White "carokannlover213"]
[Black "FLYD"]
[Result "1-0"]
[WhiteElo "2690"]
[BlackElo "2158"]
[TimeControl "180+1"]
[EndTime "8:18:53 PDT"]
[Termination "carokannlover213 won by checkmate"]

1. d4 Nf6 2. Bf4 c5 3. Nc3 cxd4 4. Qxd4 Nc6 5. Qa4 d6 6. Bg5 Bd7 7. Qh4 Qa5 8. e4 Rc8 9. Nf3 Nb4 10. Bd3 Nxd3+ 11.
cxd3 Rxc3 12. Bd2 Qb5 13. Bxc3 Qxd3 14. Nd2 Bb5 15. O-O-O e5 16. Rhe1 Ba4 17. Nb3 Qb5 18. f4 Be7 19. Qg3 Nh5 20. Qg4 Nxf4 21. Qc8+ Bd8 22.
Rxd6 Ne6 23. Red1 O-O 24. Rxd8 Nxd8 25. Qxd8 Bxb3 26. axb3 Qxb3 27. Qe7 f6 28. Rd7 Qf7 29.
Rxb7 Qg6 30. g3 h5 31. Rxa7 Re8 32. Qd7 Rb8 33. Qe6+ Kh7 34. Qf5 Rc8 35. Qxg6+ Kxg6 36. Kd2 Rg8 37. Ke3 Kg5 38. b4 h4 39. gxh4+ Kxh4 40. b5 Kh3 41. b6 Kxh2 42. b7 Rb8 43. Bb4 g5 44. Be7 g4 45. Bxf6 g3 46. Bxe5 Re8 47. b8=Q Rxb8 48. Bxb8 Kg2 49. Bxg3 Kh1 50. Kf3 Kg1 51.
Ra1# 1-0

[Event "Early-Titled-Tuesday-Blitz-June-18-2024"]
[Site "Chess.com"]
[Date "2024.06.18"]
[Round "2"]
[White "zimmm36"]
[Black "UF_10"]
[Result "1-0"]
[WhiteElo "2771"]
[BlackElo "2516"]
[TimeControl "180+1"]
[EndTime "8:18:55 PDT"]
[Termination "zimmm36 won on time"]

1. c4 e5 2. g3 Nf6 3. Bg2 c6 4. Nf3 e4 5. Nd4 d5 6. cxd5 Qxd5 7. e3 Bc5 8. Nc3 Qe5 9. d3 exd3 10. Qxd3 O-O 11. O-O Na6 12. a3 Nc7 13. b4 Bd6 14. Bb2 Qe7 15. Nf5 Bxf5 16. Qxf5 Be5 17. Nd5 Nfxd5 18.
Qxe5 Qxe5 19. Bxe5 Rfe8 20. Bb2 Rad8 21. Rfd1 Nb6 22.
Bd4 Nb5 23. Bc5 Rxd1+ 24. Rxd1 Nxa3 25. Bf1 Nac4 26. Rd4 Ne5 27. Kg2 Ned7 28. Bd6 f6 29. e4 Kf7 30. f4 Nf8 31. f5 Nfd7 32. Be2 Ne5 33. Bd1 Rc8 34. Bb3+ Ke8 35. Bg8 h6 36. Bc5 Rd8 37. Be6 Rxd4 38. Bxd4 Ke7 39. Bc5+ Ke8 40. Kh3 Nd3 41. Bd6 Nf2+ 42. Kh4 Nxe4 43. Bb8 a6 44. Kh5 Kf8 45. Kg6 Nd5 46. h4 Ne7+ 47. Kh7 b6 48. Bc7 a5 49. bxa5 bxa5 50.
Bxa5 Nxg3 51. Bb4 Nh5 52. Bd6 Ke8 53. Kh8 c5 54. Bxc5 Nc6 55. Kh7 Nd8 56. Bb3 Nb7 57.
Bb4 1-0

[Event "Early-Titled-Tuesday-Blitz-June-18-2024"]
[Site "Chess.com"]
[Date "2024.06.18"]
[Round "2"]
[White "Likvidator228"]
[Black "nitpicker"]
[Result "1-0"]
[WhiteElo "2538"]
[BlackElo "2324"]
[TimeControl "180+1"]
[EndTime "8:18:55 PDT"]
[Termination "Likvidator228 won on time"]

1. c4 e5 2. g3 Nf6 3. Bg2 d5 4. cxd5 Nxd5 5. Nc3 Nf6 6. Nf3 Nc6 7. O-O Be7 8. d3 h6 9. a3 a5 10. Be3 O-O 11.
Rc1 Be6 12. Na4 Nd4 13. Nxd4 exd4 14. Bf4 c6 15. Nc5 Bd5 16. Nxb7 Qb6 17. Nd6 Qxb2 18. Nc4 Bxc4 19. Rxc4 Nd5 20. Bc1 Qb5 21. a4 Qb6 22.
Qc2 Nb4 23. Qb2 Rfd8 24. Bd2 Rac8 25. Rfc1 c5 26. Qb3 Nd5 27. Qxb6 Nxb6 28. Bxa5 Nxc4 29.
Bxd8 Bxd8 30. Rxc4 Ba5 31. Bd5 Bb4 32. e4 Rc7 33.
Rc2 Kf8 34. f4 Ke7 35. e5 f6 36. Re2 fxe5 37. Rxe5+ Kd6 38. Bc4 Ra7 39. Bb3 Re7 40. Rd5+ Kc6 41. Re5 Rxe5 42. fxe5 Bd2 43. Kg2 Bg5 44. Kf3 Bd8 45. Ke4 g6 46. Bf7 g5 47.
Kf5 Ba5 48. Bc4 Kd7 49. Kf6 Bd8+ 50. Kf7 Be7 51. Bb5+ Kd8 52. a5 c4 53. Bxc4 Bc5 54.
a6 Kd7 55. e6+ Kd8 56. a7 1-0

[Event "Early-Titled-Tuesday-Blitz-June-18-2024"]
[Site "Chess.com"]
[Date "2024.06.18"]
[Round "2"]
[White "LuisFSiles"]
[Black "pospisku"]
[Result "1/2-1/2"]
[WhiteElo "2331"]
[BlackElo "2530"]
[TimeControl "180+1"]
[EndTime "8:18:55 PDT"]
[Termination "Game drawn - insufficient material"]

1. e4 g6 2. d4 Bg7 3. Nc3 d6 4. f4 a6 5. Nf3 b5 6. Bd3 Nd7 7.
e5 Bb7 8. O-O e6 9. exd6 cxd6 10.
d5 Bxc3 11. dxe6 Bf6 12. exd7+ Qxd7 13. f5 Ne7 14. Bh6 O-O-O 15. a4 b4 16. c3 bxc3 17. bxc3 Nxf5 18. Bd2 Rhe8 19. Kh1 Ne3 20. Bxe3 Rxe3 21.
Nd4 Bxd4 22. cxd4 Qh3 23. Qc2+ Kb8 24. Bxa6 Rc3 25. Bxb7 Rxc2 26. gxh3 Kxb7 27. Rxf7+ Rc7 28. Rb1+ Kc8 29. Rxc7+ Kxc7 30. a5 Ra8 31. Ra1 Kc6 32.
Kg2 Kb5 33. Kf3 d5 34. Kf4 Kc4 35. Ke5 Re8+ 36. Kd6 Kxd4 37. a6 Kc4 38. a7 Ra8 39. Rc1+ Kd4 40. Rd1+ Ke4 41. Re1+ Kf3 42. Ra1 d4 43.
Kc7 d3 44. Kb7 Re8 45. a8=Q Rxa8 46. Rxa8 d2 47. Ra1 Ke2 48. Kc6 d1=Q 49. Rxd1 Kxd1 50. Kd5 Ke2 51. Ke5 Kf3 52. Kf6 Kg2 53. Kg7 Kxh3 54. Kxh7 g5 55. Kg6 g4 56. Kg5 Kxh2 57. Kxg4 1/2-1/2